 Dungeon Crawl Stone Soup version 0.21-a0-91-ga5031da (webtiles) character file.

1228740 4thArraOfDagon the Archmage (level 27, -5/217 HPs)
             Began as a Mummy Artificer on June 29, 2017.
             Was an Elder of Okawaru.
             Slain by a yellow draconian monk (13 damage)
             ... on level 5 of the Realm of Zot on June 30, 2017.
             The game lasted 06:36:37 (71642 turns).

4thArraOfDagon the Archmage (Mummy Artificer)      Turns: 71642, Time: 06:36:38

Health: -5/217     AC: 45    Str: 21    XL:     27
Magic:  53/54      EV: 20    Int: 27    God:    Okawaru [****..]
Gold:   1594       SH:  0    Dex: 16    Spells: 18/80 levels left

rFire    + + +     SeeInvis +   u - +8 triple sword (vamp)
rCold    + + +     Gourm    .   (shield currently unavailable)
rNeg     + + +     Faith    +   M - +10 plate armour of the Four Demons {rCorr Int+3 Dex+5}
rPois    ∞         Spirit   .   R - +2 helmet {SInv}
rElec    +         Reflect  .   G - scarf of Indecent Exposure {rF+ Str+3}
rCorr    +         Harm     .   b - +0 pair of gloves "Mekhlimn" {rC+ Regen+} (curse)
MR       ++++.                  P - +0 pair of boots of Ahan {+Blink Regen+ Dex-3}
Stlth    ..........             Q - amulet "Kutuzir" {Faith Fragile rF+++ Int+5}
HPRegen  1.26/turn              s - ring of Gozag's Anger {Wiz rElec rPois rC++ MR+}
MPRegen  0.34/turn              x - ring of Robustness {AC+8}

@: heroism, finesse, studying 2 skills
A: no food or potions, fire vulnerability, cold resistance 1, negative energy
resistance 3, torment resistance, unbreathing, in touch with death 2
}: 15/15 runes: decaying, serpentine, slimy, silver, golden, iron, obsidian,
icy, bone, abyssal, demonic, glowing, magical, fiery, dark
a: Heroism, Renounce Religion, Evoke Blink


You were on level 5 of the Realm of Zot.
You worshipped Okawaru.
Okawaru was greatly pleased with you.
You were not hungry.

You visited 18 branches of the dungeon, and saw 90 of its levels.
You visited Pandemonium 5 times, and saw 28 of its levels.
You visited the Abyss 5 times.
You visited 1 bazaar.
You visited 2 ziggurats, and saw 20 of their levels (deepest: 10).
You also visited: Trove, Ice Cave and Desolation.

You collected 10862 gold pieces.
You spent 9268 gold pieces at shops.

Inventory:

Hand Weapons
 m - the +9 triple sword "Liygg" {protect, rPois Int+2}
   (You found it in a treasure trove)

   It protects the one who uses it against injury (+AC on strike).
   It affects your intelligence (+2).
   It protects you from poison.
 p - the +5 great sword "Azidash" {slice, Fragile rF+ Str+4}
   (Okawaru gifted it to you on level 7 of Gehenna)

   It inflicts extra damage upon your enemies.
   It affects your strength (+4).
   It protects you from fire.
   It will be destroyed if unequipped.
 q - the +17 sword of Power
   (You found it in a treasure trove)
 u - a +8 vampiric triple sword (weapon)
 K - a +4 vampiric triple sword
Missiles
 o - 3 throwing nets (quivered)
Armour
 b - the cursed +0 pair of gloves "Mekhlimn" (worn) {rC+ Regen+}
   (You bought it in a shop on level 1 of the Depths)

   It protects you from cold.
   It increases your rate of regeneration.
   It has a curse placed upon it.
 G - the scarf of Indecent Exposure (worn) {rF+ Str+3}
   (Okawaru gifted it to you on level 3 of the Vaults)

   It affects your strength (+3).
   It protects you from fire.
 M - the +10 plate armour of the Four Demons (worn) {rCorr Int+3 Dex+5}
   (You bought it in a shop on level 3 of the Snake Pit)

   It affects your intelligence (+3).
   It affects your dexterity (+5).
   It protects you from acid and corrosion.
 P - the +0 pair of boots of Ahan (worn) {+Blink Regen+ Dex-3}
   (You bought it in a shop on level 2 of the Orcish Mines)

   It affects your dexterity (-3).
   It lets you blink.
   It increases your rate of regeneration.
 R - a +2 helmet of see invisible (worn)
 X - a +2 pair of boots of running
 Y - the +2 shield of Resistance {rF+ rC+ MR+}
   (You found it on level 2 of the Realm of Zot)

   It protects you from fire.
   It protects you from cold.
   It affects your resistance to hostile enchantments.
Magical Staves
 D - an uncursed staff of wizardry {!a}
Jewellery
 c - the ring of Ycweon {+Fly MP+9}
   (You took it off a yaktaur captain on level 5 of the Vaults)

   [ring of flight]

   It affects your magic capacity (+9).
   It lets you fly.
 e - an uncursed ring of protection from fire
 f - the ring of Besaex {rC++ MR+ Int+6 Dex-5}
   (You found it on level 4 of the Depths)

   [ring of protection from magic]

   It affects your intelligence (+6).
   It affects your dexterity (-5).
   It greatly protects you from cold.
   It affects your resistance to hostile enchantments.
 h - the ring of Ilaecwoguile {Ice Stlth+}
   (You found it on level 3 of the Elven Halls)

   [ring of ice]

   It enhances your ice magic.
   It makes you vulnerable to fire.
   It protects you from cold.
   It makes you more stealthy.
 j - an uncursed ring of resist corrosion
 r - an uncursed ring of flight
 s - the ring of Gozag's Anger (left hand) {Wiz rElec rPois rC++ MR+}
   (You found it on level 6 of the Lair of Beasts)

   [ring of wizardry]

   It improves your spell success rate.
   It greatly protects you from cold.
   It insulates you from electricity.
   It protects you from poison.
   It affects your resistance to hostile enchantments.
 x - the ring of Robustness (right hand) {AC+8}
   (You found it on level 3 of the Lair of Beasts)

   [ring of protection]

   It affects your AC (+8).
 Q - the amulet "Kutuzir" (around neck) {Faith Fragile rF+++ Int+5}
   (You bought it in a shop on level 4 of the Depths)

   [amulet of faith]

   It allows you to gain divine favour quickly.
   It affects your intelligence (+5).
   It renders you almost immune to fire.
   It will be destroyed if unequipped.
Wands
 F - a wand of scattershot (7/9)
 N - a wand of acid (15/15)
 S - a wand of lightning (10/15)
 U - a wand of digging (18/24)
 V - a wand of scattershot (9/9)
Scrolls
 g - 5 scrolls of fog
 i - 8 scrolls of immolation
 k - 6 scrolls of fear
 l - 21 scrolls of remove curse
 n - a scroll of blinking
 v - a scroll of torment
 y - 4 scrolls of magic mapping
 B - 2 scrolls of amnesia
 C - 3 scrolls of teleportation
 E - 4 scrolls of summoning
 J - 5 scrolls of recharging
 O - 2 scrolls of identify
 Z - a scroll of enchant armour
Books
 T - a manual of Hexes
 W - a manual of Bows
Miscellaneous
 a - 5 phantom mirrors
 d - a fan of gales (inert)
 t - 2 boxes of beasts
 z - a lightning rod (4/4)
 A - 4 sacks of spiders
 H - a lamp of fire
 L - a phial of floods


   Skills:
 - Level 18.1(23.1) Fighting
   Level 0.7(18.5) Short Blades
 - Level 20.0(25.0) Long Blades
 - Level 16.0(21.0) Armour
 - Level 17.0(22.0) Dodging
 - Level 0.7(5.7) Stealth
 O Level 27 Spellcasting
 - Level 4.0 Hexes
 - Level 4.3 Charms
 - Level 17.0 Necromancy
 - Level 21.0 Translocations
 - Level 6.2 Air Magic
 - Level 11.1 Earth Magic
 - Level 13.0 Invocations
 * Level 14.8 Evocations


You had 18 spell levels left.
You knew the following spells:

 Your Spells              Type           Power        Failure   Level  Hunger
a - Swiftness             Chrm/Air       ######..     1%          2    N/A
b - Deflect Missiles      Chrm/Air       ######....   32%         6    N/A
c - Spectral Weapon       Hex/Chrm       ######..     1%          3    N/A
d - Song of Slaying       Chrm           ######..     1%          2    N/A
e - Passwall              Tmut/Erth      ######....   1%          2    N/A
f - Controlled Blink      Tloc           N/A          3%          8    N/A
g - Silence               Hex/Air        ######....   6%          5    N/A
h - Apportation           Tloc           ######       0%          1    N/A
i - Control Undead        Necr           ########..   1%          4    N/A
j - Death Channel         Necr           ########..   1%          6    N/A
k - Simulacrum            Ice/Necr       ########..   9%          6    N/A
l - Disjunction           Tloc           ########..   3%          8    N/A
m - Passage of Golubria   Tloc           N/A          0%          4    N/A
n - Lee's Rapid Deconstr  Erth           #######...   1%          5    N/A

Dungeon Overview and Level Annotations

Branches:
Dungeon (15/15)            Temple (1/1) D:4            Lair (6/6) D:11
  Swamp (4/4) Lair:2        Snake (4/4) Lair:3        Slime (5/5) Lair:5
    Orc (2/2) D:9             Elf (3/3) Orc:2        Vaults (5/5) D:14
  Crypt (3/3) Vaults:3       Tomb (3/3) Crypt:3      Depths (5/5) D:15
   Hell (1/1)                 Dis (7/7) Hell            Geh (7/7) Hell
    Coc (7/7) Hell            Tar (7/7) Hell            Zot (5/5) Depths:5

Altars:
Ashenzari
Cheibriados
Dithmenos
Elyvilon
Fedhas
Gozag
Hepliaklqana
Kikubaaqudgha
Makhleb
Nemelex Xobeh
Okawaru
Qazlal
Ru
Sif Muna
Trog
Uskayaw
Vehumet
Wu Jian
Xom
Yredelemnul
Zin
The Shining One
Jiyva
Lugonu

Shops:
D:8 *}*[[   D:11 !   Orc:2 (:[*   Elf:1 *:   Elf:2 [   Elf:3 *   Snake:3 *!([
Snake:4 ?   Vaults:3 =   Depths:1 [*%!   Depths:2 *   Depths:4 =[

Portals:
Hell: Depths:1 Depths:2 Depths:3 Depths:4 Depths:5
Abyss: Depths:4 Depths:5
Pandemonium: Depths:3

Annotations:
D:14 exclusion: Roxanne, Roxanne
Dis:7 Dispater; Kidiri's ghost, legendary MiFi
Geh:7 Asmodeus
Coc:7 Antaeus
Tar:7 Ereshkigal


Innate Abilities, Weirdness & Mutations

You do not eat or drink.
Your flesh is vulnerable to fire.
You are immune to poison.
Your flesh is cold resistant. (rC+)
You are immune to negative energy. (rN+++)
You are immune to unholy pain and torment.
You can survive without breathing.
You are strongly in touch with the powers of death.


Message History

Unknown command.
Unknown command.
Casting: Controlled Blink
Confirm with . or Enter, or press ? or * to list all spells.
Okay, then.
Unknown command.
The yellow draconian monk misses you.
You riposte.
You slice the yellow draconian monk!!
The yellow draconian monk is heavily wounded.
The yellow draconian monk kicks you!
* * * LOW HITPOINT WARNING * * *
The yellow draconian monk tail-slaps you.
* * * LOW HITPOINT WARNING * * *
Things that are here:
+0 gold dragon scales; a golden dragon corpse Unknown command.
Evoke which item? (* to show all) (? for menu, Esc to quit)
A mighty gale blasts forth from the fan!
The monsters around you are blown away! The yellow draconian monk hits you!
You die...

...#* #..* ##...## *.
#...#* #..* ##.†.## *#.
##...#* #..* ##...## *#..
*#...#*#####..###...##
*#... *#...⌠............##
####...# *#........[.....##
#.#...#* *##########..###
##...#* #.|# *#...## * #q@#
*#...#.## ** #q)#
*#...###.## ,** #y.#
*#...#* ##.#
,,************#..#***#...#*
##.
,,,,,,,,,,,,,,d...,,,...#*
##
*,,,,,,,,,,,,..dd..,,..#*
##.
****,,****,,*#######*##*
*#.. *,,* *,,* *#.†. *,,*
*,,* *#...#


You could see a yellow draconian monk (berserk), a black draconian (berserk), a
purple draconian (berserk), a white draconian, a green draconian annihilator and
a moth of wrath.

Vanquished Creatures
  the Royal Jelly (Slime:5)
  the Serpent of Hell (Coc:7)
  Khufu (Tomb:2)
  Mennas (Vaults:4)
  2 ancient liches
  Mara (Depths:3)
  2 juggernauts (Depths:4)
  10 greater mummies
  Sojobo (Crypt:3)
  Boris (Vaults:5)
  Bai Suzhen (Depths:2)
  Xtahua (Vaults:5)
  11 shard shrikes
  Margery (Depths:4)
  2 caustic shrikes (Zig:7)
  11 golden dragons
  Nikola (Depths:3)
  Geryon (Hell)
  A profane servitor (Crypt:3)
  6 bone dragons
  The ghost of namelastname112 the Unseen, a veteran DrAs of Dithmenos (Vaults:4)
  4 doom hounds
  2 electric golems
  3 Brimstone Fiends (Geh:7)
  10 liches
  A hellephant (Zig:6)
  Jorgrun (Depths:4)
  4 iron giants
  9 Ice Fiends
  10 Tzitzimimeh
  4 Hell Sentinels (Dis:7)
  16 tentacled monstrosities
  8 quicksilver dragons
  4 deep elf master archers
  10 Executioners
  5 deep elf blademasters
  Murray (Hell)
  16 sphinxes
  8 titans
  8 ancient champions
  23 acid blobs
  3 thorn hunters
  11 tentacled starspawn
  10 death cobs
  14 shadow dragons
  7 storm dragons
  6 tengu reavers
  6 nagarajas
  10 revenants
  Donald (Vaults:2)
  Kirke (Snake:2)
  A daeva (Abyss:4)
  10 frost giants
  12 azure jellies
  2 draconian monks (Zot:2)
  8 deep elf sorcerers
  A draconian knight (Depths:5)
  9 iron dragons
  14 vault wardens
  11 fire giants
  3 imperial myrmidons (Desolation)
  Louise (Swamp:3)
  3 ghost moths
  Aizul (Swamp:3)
  A ghost moth (shapeshifter) (Depths:2)
  14 cacodemons
  A draconian scorcher (Zig:5)
  4 curse skulls
  An orc warlord (Orc:2)
  20 balrugs
  2 draconian shifters (Zot:1)
  An angel (Pan)
  5 ghouls
  21 reapers
  A stone giant (shapeshifter) (Vaults:5)
  6 deep elf elementalists
  2 draconian stormcallers
  12 war gargoyles
  2 spriggan defenders (Depths:5)
  9 ironheart preservers
  3 elemental wellsprings (Coc:7)
  Nessos (Orc:2)
  22 stone giants
  6 draconian annihilators
  An ophan (Zig:1)
  3 entropy weavers
  3 apis
  22 very ugly things
  A corrupter (Pan)
  A juggernaut skeleton (Depths:1)
  2 blood saints (Pan)
  5 black draconians
  6 bennus
  4 lorocyprocas
  2 spark wasps (Depths:2)
  6 deep elf demonologists
  2 black suns (Pan)
  18 deep elf annihilators
  5 green draconians
  13 vampire knights
  2 dire elephants
  4 red draconians
  A merfolk javelineer (Depths:5)
  5 purple draconians
  3 yellow draconians
  A crystal guardian (Desolation)
  21 ettins
  17 green deaths
  15 blizzard demons
  5 eidola
  10 death oozes (Slime:5)
  12 fire dragons
  2 merfolk impalers (Zig:2)
  25 jiangshi
  9 deep elf high priests
  19 mummy priests
  A fire dragon (shapeshifter) (Abyss:4)
  8 deep elf death magi
  17 great orbs of eyes
  37 vault guards
  24 hydras
  9 naga warriors
  A hell beast (Pan)
  23 ice dragons
  20 yaktaur captains
  5 quicksilver dragon skeletons
  8 ragged hierophants (Desolation)
  7 servants of whispers
  Fannar (D:10)
  20 anacondas
  2 spriggan air magi (Depths:3)
  10 centaur warriors
  2 monstrous demonspawn (Pan)
  7 peacekeepers (Desolation)
  Erica (D:11)
  2 rakshasas
  7 death knights
  A catoblepas (D:13)
  13 ogre magi
  28 dancing weapons
  3 deep troll earth magi
  49 two-headed ogres
  9 deep troll shamans
  14 death scarabs
  A death yak (shapeshifter) (Depths:2)
  10 alligators
  10 vampire magi
  3 spriggan berserkers
  A shock serpent (shapeshifter) (Vaults:5)
  11 shock serpents
  24 thrashing horrors
  2 titan zombies
  9 hell hogs
  3 tengu warriors
  36 large abominations
  2 orc high priests
  12 naga sharpshooters
  10 shadow wraiths
  5 iron golems (Dis:7)
  23 soul eaters
  26 sun demons
  17 deep elf knights
  11 wretched stars
  9 titan skeletons
  12 iron trolls
  A storm dragon skeleton (Tar:7)
  16 sixfirhies
  2 storm dragon zombies
  An iron giant zombie (Crypt:1)
  4 spatial maelstroms
  45 hell knights
  A ghost moth zombie (Hell)
  8 salamander mystics
  66 skeletal warriors
  12 flayed ghosts
  4 spriggan druids
  2 gelid demonspawn
  A spark wasp zombie (Depths:1)
  2 death drakes
  9 anaconda zombies
  A deep troll (shapeshifter) (D:15)
  33 deep trolls
  A golden dragon zombie (Crypt:2)
  8 unseen horrors
  7 shadow demons
  A shadow dragon zombie (Coc:5)
  13 deep elf archers
  9 naga ritualists
  5 infernal demonspawn (Pan)
  A swamp dragon (shapeshifter) (Zig:7)
  12 swamp dragons
  28 phantasmal warriors
  3 shambling mangroves
  4 torturous demonspawn (Pan)
  9 wizards
  8 glowing orange brains
  3 golden dragon skeletons
  6 anaconda skeletons
  19 orc knights
  A wolf spider zombie (Crypt:2)
  9 harpies
  4 iron dragon zombies
  23 necromancers
  21 ironbrand convokers
  A spectral iron dragon (Crypt:3)
  15 mana vipers
  56 deep elf magi
  A shining eye (shapeshifter) (Vaults:5)
  5 lindwurms
  2 frost giant zombies
  A shadow dragon skeleton (Coc:7)
  43 ugly things
  3 wolf spiders
  8 oklob plants
  8 salamanders
  A faun (shapeshifter) (Depths:2)
  8 orc sorcerers
  A tengu skeleton (Vaults:1)
  A worldbinder (Abyss:4)
  16 moths of wrath
  9 shining eyes
  5 cyclopes
  3 salamanders (shapeshifter)
  A stone giant zombie (Hell)
  4 elephants (Lair:2)
  2 fire giant zombies
  2 ice statues (IceCv)
  A black mamba (shapeshifter) (Vaults:1)
  22 rust devils
  4 stone giant skeletons
  2 dire elephant zombies
  7 centaur zombies
  21 naga magi
  15 vault sentinels
  3 fire giant skeletons
  5 apocalypse crabs
  26 black mambas
  11 guardian serpents
  An eye of devastation (shapeshifter) (Vaults:4)
  37 smoke demons
  A shock serpent zombie (Hell)
  3 frost giant skeletons
  20 hellions
  11 molten gargoyles
  19 spiny frogs
  2 spiny frogs (shapeshifter)
  6 storm dragon simulacra
  19 orange demons
  3 eyes of devastation
  2 spriggan zombies (Zig:5)
  2 torpor snails
  A spectral swamp worm (Tar:7)
  An emperor scorpion zombie (Geh:7)
  34 freezing wraiths
  2 komodo dragons (shapeshifter)
  6 efreet
  4 ancient zymes (Abyss:4)
  2 rime drakes
  4 tengu conjurers
  A yaktaur (shapeshifter) (Vaults:4)
  26 tormentors
  15 komodo dragons
  5 demonic crawlers (Pan)
  39 yaktaurs
  24 ice devils
  9 hydra zombies
  29 guardian mummies
  2 yaktaur skeletons (Vaults:1)
  26 red devils
  15 hellwings (Pan)
  7 silent spectres
  11 trolls
  An anaconda simulacrum (Hell)
  2 wind drakes (shapeshifter)
  5 merfolk (Zig:2)
  17 raiju
  6 harpy skeletons
  A polar bear (Lair:6)
  A meliai (shapeshifter) (Abyss:4)
  55 saltlings
  11 hornets
  4 dream sheep (Lair:6)
  4 hydra skeletons
  114 slime creatures
  6 bog bodies
  2 raiju (shapeshifter)
  5 alligator zombies
  15 blink frogs
  6 hippogriffs
  3 ice dragon zombies
  A hippogriff (shapeshifter) (Depths:2)
  2 meliai zombies
  2 fire giant simulacra
  46 starcursed masses
  2 redbacks (Vaults:3)
  5 fire dragon zombies
  101 flying skulls
  3 ice dragon skeletons
  5 spriggans
  31 wraiths
  2 black mamba zombies
  2 ettin skeletons
  16 ynoxinuls
  6 air elementals
  5 fire dragon skeletons
  20 yaks
  3 vampires
  A redback (shapeshifter) (Vaults:3)
  A dire elephant simulacrum (Coc:2)
  13 shadows
  An alligator skeleton (Hell)
  A deep troll skeleton (Depths:1)
  Sigmund (D:4)
  17 water elementals
  4 wyverns
  19 ushabtiu
  8 golden eyes
  19 humans (D:14)
  A wyvern (shapeshifter) (Vaults:5)
  2 fire bats
  20 chaos spawn
  4 hogs (Snake:2)
  5 hungry ghosts
  7 basilisks
  5 steam dragons
  A yak (shapeshifter) (Vaults:2)
  15 fire elementals
  15 vampire mosquitoes
  17 neqoxecs
  An emperor scorpion simulacrum (Crypt:3)
  3 human zombies
  33 nagas
  3 wargs
  An insubstantial wisp (Abyss:4)
  A spatial vortex (Abyss:4)
  A swamp worm (shapeshifter) (Depths:1)
  4 tengu zombies
  An acid dragon (shapeshifter) (Vaults:4)
  7 spiny frog zombies
  2 soldier ants
  3 acid dragons
  14 water moccasins
  A floating eye (shapeshifter) (Vaults:5)
  34 hell hounds
  6 swamp worms
  3 hydra simulacra
  13 small abominations
  5 floating eyes
  A faun skeleton (Crypt:1)
  14 swamp drakes
  3 human skeletons
  12 ice beasts
  4 porcupines
  3 black bears
  43 orc warriors
  An alligator simulacrum (Coc:2)
  An eye of draining (shapeshifter) (Elf:2)
  A manticore zombie (Dis:6)
  An ettin simulacrum (Vaults:2)
  6 eyes of draining
  3 snapping turtle zombies
  3 spiny frog skeletons
  A sky beast (shapeshifter) (Vaults:4)
  A swamp dragon zombie (Geh:7)
  A manticore skeleton (Geh:4)
  4 phantoms
  A fire dragon simulacrum (Coc:2)
  6 sky beasts
  7 boggarts (Depths:3)
  3 wolves (Lair:6)
  18 ogres
  15 necrophages
  24 centaurs
  A centaur (shapeshifter) (Depths:4)
  3 snapping turtle skeletons
  2 swamp dragon skeletons
  10 crocodiles
  A big kobold (shapeshifter) (Abyss:3)
  2 big kobolds (D:11)
  13 bullfrogs
  2 gnoll sergeants
  6 earth elementals
  2 water moccasin zombies
  A wyvern zombie (D:10)
  A spiny frog simulacrum (Hell)
  An elf skeleton (Coc:3)
  A wyvern skeleton (D:13)
  7 scorpions
  A polar bear zombie (Crypt:2)
  39 wights
  A killer bee (shapeshifter) (Depths:1)
  13 killer bees
  A spriggan skeleton (Tar:7)
  An electric eel (Snake:1)
  A howler monkey (D:5)
  A jelly (D:10)
  26 crimson imps
  5 quasits
  5 lava snakes (Lair:6)
  6 centaur skeletons
  7 hounds
  16 iron imps
  15 orc priests
  2 bullfrog zombies
  2 bullfrog skeletons
  23 orc wizards
  Crazy Yiuf (D:3)
  5 iguanas
  A black bear skeleton (Crypt:2)
  5 hell rats (Lair:5)
  11 worker ants
  A crocodile zombie (Crypt:1)
  An acid dragon zombie (Crypt:2)
  A dwarf skeleton (Crypt:1)
  A naga skeleton (Abyss:3)
  An acid dragon skeleton (Crypt:1)
  A hound zombie (D:10)
  A hound skeleton (D:10)
  25 mummies
  3 worker ant zombies
  A gnoll (shapeshifter) (Vaults:4)
  9 gnolls
  A howler monkey skeleton (D:9)
  11 adders
  10 shadow imps
  14 white imps
  3 ufetubi
  4 oozes
  2 adder zombies (D:10)
  A lava snake zombie (Crypt:1)
  2 worms
  A dart slug (D:5)
  7 leopard geckos
  88 orcs
  5 ball pythons
  9 giant cockroaches
  7 goblins
  6 hobgoblins
  3 jackals (D:2)
  15 kobolds
  3 quokkas
  10 bats
  3 frilled lizards
  A leopard gecko skeleton (D:5)
  2 orc zombies
  2 quokka skeletons
  A quokka zombie (D:6)
  6 rats
  A river rat skeleton (Crypt:2)
  A fungus (D:3)
  3 plants (Lair:2)
  10 starspawn tentacles
3918 creatures vanquished.

Vanquished Creatures (collateral kills)
  A bone dragon (Tar:3)
  A Tzitzimitl (Tar:3)
  An iron giant (Dis:7)
  An iron dragon (Dis:7)
  2 reapers
  A cacodemon (Dis:7)
  A deep elf elementalist (Vaults:5)
  A quicksilver dragon zombie (Tar:3)
  A death ooze (Slime:5)
  A ragged hierophant (Desolation)
  A servant of whispers (Desolation)
  A ghost crab (Tar:3)
  A tengu warrior (Depths:1)
  An iron golem (Dis:7)
  A soul eater (Tar:7)
  4 hell knights
  An iron troll (Dis:7)
  3 skeletal warriors
  A shadow demon (Tar:2)
  A golden dragon skeleton (Tar:3)
  2 necromancers (Geh:7)
  2 shadow dragon skeletons
  A fire giant zombie (Dis:7)
  A rust devil (Dis:6)
  A shock serpent zombie (Geh:4)
  A molten gargoyle (Geh:4)
  A hellion (Geh:3)
  2 dire elephant skeletons
  2 tormentors
  A freezing wraith (Tar:2)
  A hydra zombie (Tar:5)
  A catoblepas skeleton (Geh:7)
  3 red devils
  A saltling (Desolation)
  8 flying skulls
  An ice dragon skeleton (Geh:3)
  An ettin skeleton (Geh:4)
  2 shadows
  2 wraiths (Geh:7)
  A water elemental (Depths:1)
  3 fire elementals
  8 hell hounds
  A necrophage (Geh:1)
  A troll skeleton (Geh:7)
  A crimson imp (Geh:1)
  3 iron imps (Dis:7)
  An orc wizard (D:3)
  A tengu skeleton (Tar:3)
  A shadow imp (Tar:6)
81 creatures vanquished.

Vanquished Creatures (others)
  2 eldritch tentacles
  A draconian knight (Zot:2)
  A deep elf annihilator (Pan)
  A green death (Pan)
  A kraken zombie (Coc:7)
  An alligator (Zig:8)
  3 death scarabs (Tomb:2)
  3 skeletal warriors (Tomb:2)
  A shambling mangrove (Zig:8)
  A necromancer (Depths:4)
  An anaconda skeleton (Geh:7)
  2 molten gargoyles (Geh:7)
  An orange demon (Pan)
  A smoke demon (Abyss:3)
  An emperor scorpion zombie (Geh:3)
  A tormentor (Coc:7)
  A raiju (Abyss:3)
  7 flying skulls (Tomb:2)
  A fire elemental (Geh:7)
  A human (Snake:2)
  A vampire mosquito (Zig:8)
  An ice dragon simulacrum (Hell)
  A necrophage (Geh:4)
  2 small abominations (Abyss:4)
  A quasit (Abyss:2)
  4 iron imps
  A tengu zombie (Geh:7)
  4 mummies (Tomb:2)
  2 ball lightnings (Pan)
  A kobold zombie (Dis:7)
  An orc simulacrum (Tomb:3)
  A block of ice (Pan)
  7 fungi
  2 lurking horrors
  13 plants
  2 spectral weapons
  23 starspawn tentacles
  19 tentacles
118 creatures vanquished.

Grand Total: 4117 creatures vanquished

Notes
Turn   | Place    | Note
-------+----------+-------------------------------------------
     0 | D:1      | 4thArraOfDagon the Mummy Artificer began the quest for the Orb.
     0 | D:1      | Reached XP level 1. HP: 15/15 MP: 2/2
   315 | D:1      | Reached XP level 2. HP: 21/21 MP: 4/4
  1043 | D:2      | Reached XP level 3. HP: 3/26 MP: 5/5
  1067 | D:2      | HP: 1/26 [goblin/club (3)]
  1520 | D:2      | Found a radiant altar of Vehumet.
  1914 | D:4      | Found a staircase to the Ecumenical Temple.
  1914 | D:4      | Noticed a scorpion
  1928 | D:4      | Killed a scorpion
  1928 | D:4      | Reached XP level 4. HP: 14/32 MP: 5/7
  2130 | Temple   | Entered the Ecumenical Temple
  2235 | Temple   | Became a worshipper of Warmaster Okawaru
  2336 | D:2      | You fall through a shaft for 2 floors!
  2379 | D:5      | Entered Level 5 of the Dungeon
  2407 | D:4      | Noticed Sigmund
  2531 | D:3      | Reached XP level 5. HP: 31/37 MP: 8/8
  2544 | D:2      | Found a transporter.
  2544 | D:2      | Found a transporter.
  2561 | D:2      | Found an ornate altar of the Wu Jian Council.
  2825 | D:2      | Reached skill level 1 in Armour
  3615 | D:3      | Reached skill level 1 in Invocations
  4031 | D:3      | Found a runed door.
  4035 | D:3      | Noticed Crazy Yiuf
  4037 | D:3      | Killed Crazy Yiuf
  4127 | D:2      | Reached XP level 6. HP: 33/44 MP: 9/9
  4140 | D:2      | Identified the Almanac of Lightness
  4243 | D:4      | Found a hazy altar of Hepliaklqana.
  4292 | D:4      | Noticed a wyvern
  4457 | D:4      | Killed a wyvern
  4457 | D:4      | Reached * piety under Okawaru
  4469 | D:4      | Found a basalt altar of Yredelemnul.
  4469 | D:4      | Found an opulent altar of Gozag.
  4533 | D:4      | Killed Sigmund
  4533 | D:4      | Reached XP level 7. HP: 26/52 MP: 10/10
  4906 | D:5      | Learned a level 2 spell: Swiftness
  4917 | D:5      | Reached ** piety under Okawaru
  5902 | D:6      | Reached XP level 8. HP: 48/60 MP: 11/11
  6174 | D:6      | Reached skill level 1 in Long Blades
  6465 | D:6      | Reached *** piety under Okawaru
  7049 | D:7      | Reached XP level 9. HP: 65/65 MP: 12/12
  7123 | D:7      | Found a burning altar of Makhleb.
  7655 | D:7      | Reached skill level 5 in Invocations
  7671 | D:7      | Reached skill level 5 in Dodging
  8048 | D:8      | Found Voysy's Gadget Boutique.
  8067 | D:8      | Found Piogu's Assorted Antiques.
  8072 | D:8      | Bought a scroll labeled KEOSAST UHAPHE for 38 gold pieces
  8072 | D:8      | Bought a scroll labeled KEOSAST UHAPHE for 38 gold pieces
  8072 | D:8      | Bought a scroll labeled WUNEPT UB QOBE for 38 gold pieces
  8072 | D:8      | Bought a scroll labeled JALEQO ANURIMP for 38 gold pieces
  8162 | D:8      | Reached skill level 5 in Armour
  8183 | D:8      | Reached **** piety under Okawaru
  8287 | D:8      | Found Ganon's Antique Armour Emporium.
  8296 | D:8      | Bought a transparent ring mail for 207 gold pieces
  8306 | D:8      | Identified the +3 ring mail of Henotheism {rCorr Int+4 Dex-2 Stlth+} (You bought it in a shop on level 8 of the Dungeon)
  8327 | D:8      | Found Jemanumn's General Store.
  8361 | D:8      | Found Juannici's Antique Armour Shoppe.
  8378 | D:8      | Bought a scroll of teleportation for 42 gold pieces
  8679 | D:8      | Reached skill level 5 in Long Blades
  8993 | D:9      | Noticed a two-headed ogre
  9005 | D:9      | Killed a two-headed ogre
  9005 | D:9      | Reached ***** piety under Okawaru
  9005 | D:9      | Reached XP level 10. HP: 72/72 MP: 12/14
  9142 | D:9      | Noticed a two-headed ogre
  9156 | D:9      | Killed a two-headed ogre
  9369 | D:9      | Found a staircase to the Orcish Mines.
  9434 | D:10     | Entered Level 10 of the Dungeon
  9512 | D:11     | Found a staircase to the Lair.
  9680 | D:11     | Killed an unseen horror
  9730 | D:11     | Noticed a cyclops
  9736 | D:11     | Killed a cyclops
  9736 | D:11     | Reached XP level 11. HP: 35/77 MP: 16/16
  9752 | D:11     | Found Wirgh's Distillery.
  9870 | D:11     | Noticed a two-headed ogre
  9870 | D:11     | Noticed a two-headed ogre
  9871 | D:11     | Found a runed door.
  9999 | D:13     | Noticed a death knight
 10324 | D:11     | Killed a two-headed ogre
 10334 | D:11     | Killed a two-headed ogre
 10334 | D:11     | Received a gift from Okawaru
 10817 | D:11     | Killed an unseen horror
 10840 | D:11     | Noticed a stone giant
 10965 | D:11     | Killed a stone giant
 11145 | D:10     | Noticed a purple ugly thing
 11148 | D:10     | Noticed a two-headed ogre
 11149 | D:10     | Noticed an orc knight
 11176 | D:10     | Killed a purple ugly thing
 11188 | D:10     | Killed an orc knight
 11188 | D:10     | Reached XP level 12. HP: 44/83 MP: 13/18
 11212 | D:10     | Noticed Fannar
 11228 | D:10     | Killed a two-headed ogre
 11258 | D:10     | Killed Fannar
 11455 | D:10     | Received a gift from Okawaru
 11456 | D:10     | Identified the +2 crystal plate armour of the Tuna {*Slow rF++ rN+ Str+3} (Okawaru gifted it to you on level 10 of the Dungeon)
 12279 | D:11     | Noticed Erica
 12289 | D:11     | Killed Erica
 12750 | D:12     | Reached skill level 10 in Long Blades
 13067 | D:13     | Noticed a centaur warrior
 13078 | D:13     | Killed a centaur warrior
 13236 | D:14     | Noticed Roxanne
 13608 | D:14     | Found a gate to the Vaults.
 13608 | D:14     | Noticed a vault guard
 13623 | D:14     | Killed a vault guard
 13623 | D:14     | Gained mutation: You are in touch with the powers of death. [Mummy growth]
 13623 | D:14     | Reached XP level 13. HP: 56/88 MP: 12/19
 13638 | D:14     | Received a gift from Okawaru
 13648 | D:14     | Identified the +1 plate armour of Liberty {rPois rF+ Int-4} (Okawaru gifted it to you on level 14 of the Dungeon)
 13671 | D:14     | CRAPPY ARMORS
 13931 | D:15     | Entered Level 15 of the Dungeon
 14299 | D:15     | Found a staircase to the Depths.
 14318 | Depths:1 | Entered Level 1 of the Depths
 14501 | Depths:1 | Noticed a red very ugly thing
 14501 | Depths:1 | Noticed a red very ugly thing
 14571 | D:15     | Found a glowing golden altar of the Shining One.
 14804 | D:13     | Reached skill level 10 in Invocations
 15214 | D:12     | Received a gift from Okawaru
 15467 | Orc:1    | Entered Level 1 of the Orcish Mines
 15501 | Orc:1    | Reached XP level 14. HP: 60/95 MP: 8/21
 15772 | Orc:2    | Entered Level 2 of the Orcish Mines
 15779 | Orc:2    | Noticed Nessos
 15946 | Orc:2    | Noticed an orc warlord
 16294 | Orc:2    | Killed an orc warlord
 16303 | Orc:2    | Found Pobbaarcho's General Store.
 16623 | Orc:2    | Killed Nessos
 16741 | Orc:2    | Reached skill level 5 in Fighting
 16878 | Orc:2    | Found Vegey's Book Emporium.
 16889 | Orc:2    | Found a staircase to the Elven Halls.
 16898 | Orc:2    | Found Qerin's Antique Weapon Boutique.
 16935 | Orc:2    | Found Qoosis's Antique Armour Shop.
 16943 | Orc:2    | Bought a pair of scorched boots for 266 gold pieces
 16943 | Orc:2    | Identified the +0 pair of boots of Ahan {+Blink Regen+ Dex-3} (You bought it in a shop on level 2 of the Orcish Mines)
 17039 | D:8      | Bought a warped troll leather armour for 740 gold pieces
 17039 | D:8      | Identified the +1 troll leather armour of the Pure Places {+Inv rPois rN+ Regen+ Int+3} (You bought it in a shop on level 8 of the Dungeon)
 17126 | Lair:1   | Entered Level 1 of the Lair of Beasts
 17212 | Lair:1   | Reached skill level 10 in Armour
 17465 | Lair:2   | Found a frozen archway.
 17478 | Lair:2   | Reached skill level 10 in Dodging
 17500 | IceCv    | Entered an ice cave
 17534 | IceCv    | Found a transporter.
 17600 | IceCv    | Received a gift from Okawaru
 17977 | Lair:6   | Entered Level 6 of the Lair of Beasts
 18013 | Lair:6   | Received a gift from Okawaru
 18014 | Lair:6   | Identified a +2 pair of boots of running (Okawaru gifted it to you on level 6 of the Lair of Beasts)
 18109 | Lair:5   | Found a staircase to the Slime Pits.
 18470 | Lair:6   | Learned a level 6 spell: Deflect Missiles
 18473 | Lair:6   | Got a glittering pewter ring
 18475 | Lair:6   | Identified the ring of Gozag's Anger {Wiz rElec rPois rC++ MR+} (You found it on level 6 of the Lair of Beasts)
 18828 | Lair:6   | Reached XP level 15. HP: 95/107 MP: 19/22
 18886 | Lair:6   | Found a large runed door.
 18887 | Lair:6   | Found a large runed door.
 19444 | Lair:3   | Learned a level 3 spell: Spectral Weapon
 19447 | Lair:3   | Learned a level 2 spell: Song of Slaying
 19450 | Lair:3   | Found a staircase to the Snake Pit.
 19641 | Lair:4   | Identified a scroll of acquirement
 20188 | Elf:1    | Entered Level 1 of the Elven Halls
 20212 | Elf:1    | Received a gift from Okawaru
 20224 | Elf:1    | Got a distressingly furry cloak {god gift}
 20235 | Elf:1    | Identified the +0 cloak of the Frog {+Fly} (Okawaru gifted it to you on level 1 of the Elven Halls)
 20371 | Elf:1    | Found a flickering gateway to a bazaar.
 20391 | Bazaar   | Entered a bazaar
 20391 | Bazaar   | Found Maneteb's General Store.
 20398 | Bazaar   | Bought a scroll of teleportation for 36 gold pieces
 20401 | Bazaar   | Found Qaaxt's Antique Weapon Emporium.
 20412 | Bazaar   | Found Aleozoa's Jewellery Shop.
 20413 | Bazaar   | Found Raoph's Distillery.
 20425 | Bazaar   | Found Naaptof's Antique Armour Emporium.
 20697 | Elf:1    | Found Gaelily's Assorted Antiques.
 20775 | Elf:1    | Found Zafosm's Book Boutique.
 20865 | Elf:2    | Found a ruined gateway.
 20871 | Desolati | Entered the Desolation of Salt
 20961 | Desolati | Reached skill level 15 in Long Blades
 21064 | Desolati | Identified the Collected Works on Assistive Shape Shifting
 21071 | Desolati | Got a brightly glowing lapis lazuli ring
 21073 | Desolati | Identified the ring of Ymiawak {+Blink MR+ Str+4} (You found it in the Desolation of Salt)
 21078 | Desolati | Identified the Guide on Summoning and Intoxication
 21098 | Desolati | Noticed an imperial myrmidon
 21101 | Desolati | Noticed an imperial myrmidon
 21113 | Desolati | Killed an imperial myrmidon
 21125 | Desolati | Killed an imperial myrmidon
 21261 | Desolati | Noticed an imperial myrmidon
 21297 | Desolati | Killed an imperial myrmidon
 21428 | Desolati | Identified Sif Muna's Handbook of the Volcanoes and Unholy Rituals
 21513 | Desolati | Reached XP level 16. HP: 85/115 MP: 23/23
 21959 | Desolati | Received a gift from Okawaru
 21960 | Desolati | Got a faintly humming plate armour {god gift}
 22048 | Desolati | Identified the cursed +0 chain mail of the Mind {+Fly rN+++ Regen+ Dex-2} (You found it in the Desolation of Salt)
 22220 | Desolati | Identified the +1 plate armour of Rotation {rC+} (Okawaru gifted it to you in the Desolation of Salt)
 22465 | Elf:2    | Got a scorched scimitar {flame}
 22466 | Elf:2    | Identified the +7 scimitar of Hounac {flame, +Blink SInv} (You took it off a deep elf mage on level 2 of the Elven Halls)
 22619 | Elf:3    | Entered Level 3 of the Elven Halls
 22812 | Elf:3    | Found Dirup's Assorted Antiques.
 22819 | Elf:3    | Bought a scroll of brand weapon for 740 gold pieces
 22839 | Elf:3    | Received a gift from Okawaru
 23135 | Elf:2    | Found Kacadeze's Antique Armour Shop.
 23409 | Elf:3    | Noticed a deep elf master archer
 23422 | Elf:3    | Reached XP level 17. HP: 89/122 MP: 24/24
 23450 | Elf:2    | Killed a deep elf master archer
 23605 | Elf:3    | Noticed a Brimstone Fiend
 23727 | Elf:3    | Noticed a Brimstone Fiend
 23730 | Elf:3    | Noticed an Ice Fiend
 23800 | Elf:3    | Noticed a deep elf blademaster
 23824 | Elf:3    | Killed a deep elf blademaster
 24049 | Elf:3    | Noticed a Tzitzimitl
 24051 | Elf:3    | Noticed a Hell Sentinel
 24063 | Elf:3    | Noticed a deep elf blademaster
 24071 | Elf:3    | Noticed a deep elf master archer
 24076 | Elf:3    | Killed a deep elf master archer
 24097 | Elf:3    | Killed a deep elf blademaster
 24108 | Elf:3    | Noticed a deep elf master archer
 24418 | Elf:3    | Killed a deep elf master archer
 24521 | Elf:3    | Noticed a deep elf master archer
 24529 | Elf:3    | Killed a deep elf master archer
 24666 | Elf:3    | Noticed a Brimstone Fiend
 25067 | Elf:3    | Learned a level 2 spell: Passwall
 25072 | Elf:3    | Identified the +1 chain mail of Zareat {Dex+5 Stlth-} (You found it on level 3 of the Elven Halls)
 25186 | Elf:3    | Received a gift from Okawaru
 25188 | Elf:3    | Noticed a deep elf blademaster
 25205 | Elf:3    | Killed a deep elf blademaster
 25235 | Elf:3    | Got a scorched amber ring
 25255 | Elf:3    | Identified the ring of Ilaecwoguile {Ice Stlth+} (You found it on level 3 of the Elven Halls)
 25264 | Elf:3    | Noticed a deep elf blademaster
 25275 | Elf:3    | Killed a deep elf blademaster
 25467 | Elf:2    | Bought a twisted plate armour for 700 gold pieces
 25478 | Elf:2    | Identified the cursed +0 plate armour of Qefifue {rF++ rN+} (You bought it in a shop on level 2 of the Elven Halls)
 25490 | Elf:2    | Bought a warped scale mail for 225 gold pieces
 25500 | Elf:2    | Identified the +2 scale mail of Adwao {Regen+ Dex+4 SInv} (You bought it in a shop on level 2 of the Elven Halls)
 25529 | Elf:2    | Found a runed gate.
 25539 | Elf:2    | Found a runed gate.
 25541 | Elf:2    | Found a runed gate.
 25712 | Elf:2    | Received a gift from Okawaru
 25853 | Elf:2    | Noticed a deep elf blademaster
 25880 | Elf:2    | Killed a deep elf blademaster
 25880 | Elf:2    | Reached XP level 18. HP: 61/130 MP: 19/25
 26334 | Elf:3    | Bought a dented emerald amulet for 185 gold pieces
 26873 | D:8      | Bought a runed helmet for 172 gold pieces
 26932 | D:10     | Received a gift from Okawaru
 27084 | Snake:1  | Entered Level 1 of the Snake Pit
 27664 | Snake:2  | Noticed Kirke
 27682 | Snake:2  | Killed Kirke
 27743 | Snake:2  | Received a gift from Okawaru
 27936 | Snake:3  | Found Meopuh's Antique Armour Boutique.
 27940 | Snake:3  | Found Rauxt's Weapon Boutique.
 27940 | Snake:3  | Found Kimicwu's Distillery.
 27945 | Snake:3  | Found Zonlucko's Assorted Antiques.
 28116 | Snake:4  | Entered Level 4 of the Snake Pit
 28224 | Snake:4  | Found Sonwegu's Magic Scroll Shop.
 28518 | Snake:4  | Got a translucent arbalest
 28519 | Snake:4  | Identified the +5 arbalest of Eternity {velocity, SInv} (You found it on level 4 of the Snake Pit)
 28700 | Snake:4  | Reached skill level 1 in Spellcasting
 28837 | Snake:4  | Reached skill level 2 in Spellcasting
 28870 | Snake:4  | Reached skill level 10 in Fighting
 28884 | Snake:4  | Reached ****** piety under Okawaru
 28931 | Snake:4  | Reached skill level 3 in Spellcasting
 28989 | Snake:4  | Reached skill level 4 in Spellcasting
 28994 | Snake:4  | Received a gift from Okawaru
 28999 | Snake:4  | Reached XP level 19. HP: 86/141 MP: 24/26
 29203 | Snake:4  | Learned a level 8 spell: Controlled Blink
 29259 | Snake:4  | Reached skill level 5 in Spellcasting
 29558 | Snake:4  | Got a serpentine rune of Zot
 29792 | Snake:2  | Received a gift from Okawaru
 29794 | Snake:2  | Reached skill level 6 in Spellcasting
 30420 | Lair:2   | Reached skill level 7 in Spellcasting
 30440 | Lair:2   | Found a staircase to the Swamp.
 30595 | Swamp:1  | Entered Level 1 of the Swamp
 31026 | Swamp:3  | Noticed Aizul
 31037 | Swamp:3  | Killed Aizul
 31053 | Swamp:3  | BLOAX: https://www.youtube.com/watch?v=CxrLHIafzko
 31055 | Swamp:3  | BLOAX: soup
 31055 | Swamp:3  | 4thArraOfDagon: sup
 31055 | Swamp:3  | BLOAX: mummy with vamp triple sword
 31055 | Swamp:3  | 4thArraOfDagon: good music (again)
 31055 | Swamp:3  | BLOAX: sounds comfy
 31074 | Swamp:3  | Reached skill level 8 in Spellcasting
 31084 | Swamp:3  | Noticed Louise
 31115 | Swamp:3  | Killed Louise
 31368 | Swamp:4  | Entered Level 4 of the Swamp
 31492 | Swamp:4  | Received a gift from Okawaru
 31520 | Swamp:4  | Reached skill level 9 in Spellcasting
 31603 | Swamp:4  | Got a decaying rune of Zot
 31891 | Slime:1  | Entered Level 1 of the Pits of Slime
 31964 | Slime:1  | Reached skill level 10 in Spellcasting
 31964 | Slime:1  | Reached XP level 20. HP: 80/153 MP: 32/34
 32343 | Slime:3  | Reached skill level 11 in Spellcasting
 32502 | Slime:3  | Received a gift from Okawaru
 32504 | Slime:3  | Got a steaming executioner's axe {god gift}
 32505 | Slime:3  | Identified the +1 executioner's axe "Echaeck Roru" {drain, Dex+3} (Okawaru gifted it to you on level 3 of the Pits of Slime)
 32626 | Slime:5  | Entered Level 5 of the Pits of Slime
 32771 | Slime:5  | Reached skill level 12 in Spellcasting
 32901 | Slime:5  | Noticed the Royal Jelly
 33090 | Slime:5  | Found a viscous altar of Jiyva.
 33131 | Slime:5  | Killed the Royal Jelly
 33131 | Slime:5  | Received a gift from Okawaru
 33282 | Slime:5  | Identified Dorghyro's Volume of Dark Secrets and Stones
 33298 | Slime:5  | Learned a level 5 spell: Silence
 33302 | Slime:5  | Learned a level 1 spell: Apportation
 33315 | Slime:5  | Got a warped great sword
 33316 | Slime:5  | Identified the +2 great sword "Afatul" {speed, rPois} (You found it on level 5 of the Pits of Slime)
 33337 | Slime:5  | Got a bronze scale mail
 33372 | Slime:5  | Identified the +2 scale mail of Resourcefulness {rC+ Int-5 Dex+3 Slay+3} (You found it on level 5 of the Pits of Slime)
 33380 | Slime:5  | Identified the Guide on Flying Envenoming
 33388 | Slime:5  | Got a slimy rune of Zot
 33889 | Depths:1 | Found a gateway to Hell.
 33928 | Depths:1 | Reached skill level 13 in Spellcasting
 33949 | Depths:1 | Found a portal to a secret trove of treasure.
 34013 | Depths:1 | Reached XP level 21. HP: 165/165 MP: 34/38
 34196 | Depths:1 | Found Siylakuh's Distillery.
 34316 | Depths:1 | Found Sovvoo's Armour Boutique.
 34316 | Depths:1 | Found Temu's General Store.
 34319 | Depths:1 | Found Sipput Munwi's Food Boutique.
 34337 | Depths:1 | Bought the cursed +0 pair of gloves "Mekhlimn" {rC+ Regen+} for 279 gold pieces
 34532 | Depths:2 | Received a gift from Okawaru
 34535 | Depths:2 | Noticed Bai Suzhen
 34561 | Depths:2 | Reached skill level 14 in Spellcasting
 34576 | Depths:2 | Noticed a golden dragon
 34587 | Depths:2 | Killed Bai Suzhen
 34604 | Depths:2 | Killed a golden dragon
 34658 | Depths:2 | Reached skill level 15 in Armour
 34805 | Depths:2 | Reached skill level 15 in Fighting
 34934 | Depths:2 | 4thArraOfDagon: hiii
 34934 | Depths:2 | BLOAX: hi
 34934 | Depths:2 | 4thArraOfDagon: at work, delayed shit etc
 34934 | Depths:2 | BLOAX: i see
 34934 | Depths:2 | 4thArraOfDagon: back with coffee, yumm
 34934 | Depths:2 | 4thArraOfDagon: have to not sleep
 34934 | Depths:2 | 4thArraOfDagon: have to not work ;)
 34955 | Depths:2 | BLOAX: what sort of work at this time of day
 34972 | Depths:2 | BLOAX: and this sort of productivity
 34988 | Depths:2 | Found a gateway to a ziggurat.
 35279 | Depths:2 | Found Haturur's General Store.
 35413 | Depths:4 | Received a gift from Okawaru
 35430 | Depths:4 | Noticed a juggernaut
 35448 | Depths:4 | Killed a juggernaut
 35456 | Depths:4 | Reached skill level 15 in Spellcasting
 35513 | Depths:4 | Reached XP level 22. HP: 175/175 MP: 38/41
 35556 | Depths:4 | Got a faintly glowing lead ring
 35558 | Depths:4 | Identified the ring "Xuhet" {*Tele *Drain rC++ rN++} (You found it on level 4 of the Depths)
 35621 | Depths:4 | Found Pyiluurr's Armour Emporium.
 35695 | Depths:4 | Noticed a golden dragon
 35705 | Depths:4 | Killed a golden dragon
 35800 | Depths:4 | Noticed Margery
 35811 | Depths:4 | Killed Margery
 35816 | Depths:4 | Noticed Jorgrun
 35847 | Depths:4 | Killed Jorgrun
 35865 | Depths:4 | Got a wavering brass ring
 35867 | Depths:4 | Identified the ring of Besaex {rC++ MR+ Int+6 Dex-5} (You found it on level 4 of the Depths)
 35905 | Depths:4 | Noticed a golden dragon
 35924 | Depths:4 | Killed a golden dragon
 35953 | Depths:4 | Noticed a golden dragon
 35962 | Depths:4 | Killed a golden dragon
 35986 | Depths:4 | BLOAX: +3 slaying ring
 35997 | Depths:4 | BLOAX: and no !ewep
 35998 | Depths:4 | BLOAX: : )
 36004 | Depths:4 | Received a gift from Okawaru
 36005 | Depths:4 | BLOAX: oops ?
 36040 | Depths:4 | Found Wuss's Jewellery Emporium.
 36050 | Depths:4 | 4thArraOfDagon: nice amu but
 36050 | Depths:4 | 4thArraOfDagon: MEH, got bloodlust
 36050 | Depths:4 | BLOAX: bloodlust and a rF++ CPA
 36060 | Depths:4 | BLOAX: happy little mummer
 36085 | Depths:4 | Paralysed by a floating eye for 3 turns
 36091 | Depths:4 | Paralysed by a floating eye for 3 turns
 36157 | Depths:4 | Got a bound bronze ring
 36159 | Depths:4 | Identified the ring "Umoanon" {Ice Dex+2} (You found it on level 4 of the Depths)
 36185 | Depths:4 | Noticed a golden dragon
 36201 | Depths:4 | Killed a golden dragon
 36241 | Depths:3 | Noticed Nikola
 36288 | Depths:3 | Killed Nikola
 36344 | Depths:3 | Reached skill level 16 in Spellcasting
 36409 | Depths:3 | Paralysed by a floating eye for 3 turns
 36417 | Depths:3 | Noticed Mara
 36429 | Depths:3 | Noticed 4thArraOfDagon's illusion
 36433 | Depths:3 | Killed Mara
 36679 | Depths:4 | Noticed a juggernaut
 36698 | Depths:4 | Killed a juggernaut
 36754 | Depths:4 | Reached XP level 23. HP: 182/184 MP: 43/43
 36835 | Depths:5 | Entered Level 5 of the Depths
 36889 | Depths:5 | Reached skill level 17 in Spellcasting
 36970 | Depths:5 | Found a gate to the Realm of Zot.
 37070 | Depths:5 | Found a corrupted altar of Lugonu.
 37070 | Depths:5 | Found a one-way gate to the infinite horrors of the Abyss.
 37176 | Depths:5 | Received a gift from Okawaru
 37177 | Depths:5 | Identified the +1 great sword of Demand {flame, MR+ Int+3} (Okawaru gifted it to you on level 5 of the Depths)
 37182 | Depths:5 | BLOAX: thanks for the
 37182 | Depths:5 | BLOAX: +1 int+3 greatsword
 37182 | Depths:5 | BLOAX: uncle okawaru
 37332 | Depths:5 | Reached skill level 18 in Spellcasting
 37390 | Depths:5 | Identified the +2 plate armour of Context {*Drain +Fly rElec SInv} (You acquired it on level 5 of the Depths)
 37554 | Depths:3 | Found a one-way gate leading to the halls of Pandemonium.
 37598 | Depths:2 | 4thArraOfDagon: gotta switch
 37598 | Depths:2 | 4thArraOfDagon: to chei :)
 37898 | Vaults:1 | Entered Level 1 of the Vaults
 38025 | Vaults:2 | Received a gift from Okawaru
 38055 | Vaults:2 | Reached skill level 19 in Spellcasting
 38057 | Vaults:2 | Noticed Donald
 38079 | Vaults:2 | Killed Donald
 38115 | Vaults:2 | You fall through a shaft for 2 floors!
 38314 | Vaults:3 | Reached skill level 20 in Spellcasting
 38551 | Vaults:2 | Reached skill level 1 in Translocations
 39321 | Vaults:2 | Reached XP level 24. HP: 191/191 MP: 46/47
 39324 | Vaults:2 | Reached skill level 5 in Translocations
 39430 | Vaults:3 | Found Kakykief's Jewellery Emporium.
 39783 | Vaults:3 | Reached skill level 21 in Spellcasting
 39882 | Vaults:3 | Received a gift from Okawaru
 39885 | Vaults:3 | Identified the scarf of Indecent Exposure {rF+ Str+3} (Okawaru gifted it to you on level 3 of the Vaults)
 39899 | Vaults:3 | BLOAX: neat
 39928 | Vaults:3 | Found a staircase to the Crypt.
 40711 | Vaults:4 | Noticed namelastname112's ghost (veteran DrAs)
 40745 | Vaults:4 | Killed namelastname112's ghost
 40756 | Vaults:4 | RIP BUD
 40978 | Vaults:5 | Entered Level 5 of the Vaults
 41114 | Vaults:4 | Reached skill level 10 in Translocations
 41282 | Vaults:5 | Reached skill level 22 in Spellcasting
 41310 | Vaults:5 | Noticed Boris
 41318 | Vaults:5 | Killed Boris
 41323 | Vaults:5 | Reached XP level 25. HP: 179/197 MP: 45/49
 41440 | Vaults:5 | Received a gift from Okawaru
 41494 | Vaults:5 | Identified the ring "Setokhlagg" {Dex+4 Stlth+} (You found it on level 5 of the Vaults)
 41509 | Vaults:5 | Identified the Grimoire of Moulding
 41574 | Vaults:5 | Noticed Mennas
 41603 | Vaults:5 | Noticed an ancient lich
 41623 | Vaults:4 | Killed an ancient lich
 41828 | Vaults:4 | Killed Mennas
 41830 | Vaults:4 | Identified the ring "Veq Zys" {rC+ rN++ Str-4 Dex+3 SInv} (You took it off Mennas on level 4 of the Vaults)
 42021 | Vaults:5 | Noticed Xtahua
 42038 | Vaults:5 | Killed Xtahua
 42143 | Vaults:5 | Identified the ring of Ycweon {+Fly MP+9} (You took it off a yaktaur captain on level 5 of the Vaults)
 42200 | Vaults:5 | Got a silver rune of Zot
 42248 | Vaults:5 | Received a gift from Okawaru
 42320 | Vaults:5 | Identified Qejuot's Grimoire of the Glacial Compass
 42436 | Vaults:5 | Reached skill level 23 in Spellcasting
 43267 | Snake:3  | Bought a dazzling plate armour for 952 gold pieces
 43267 | Snake:3  | Bought a pair of dazzling boots for 323 gold pieces
 43267 | Snake:3  | Identified the +10 plate armour of the Four Demons {rCorr Int+3 Dex+5} (You bought it in a shop on level 3 of the Snake Pit)
 43268 | Snake:3  | Identified the cursed +0 pair of boots "Ikopiqam" {+Inv rC+ Regen+ Int-2} (You bought it in a shop on level 3 of the Snake Pit)
 43469 | Snake:4  | Bought a scroll of enchant weapon for 112 gold pieces
 43840 | D:8      | Bought a scroll of enchant weapon for 105 gold pieces
 44124 | Crypt:1  | Entered Level 1 of the Crypt
 44838 | Crypt:2  | Received a gift from Okawaru
 44878 | Crypt:2  | Found an ancient bone altar of Kikubaaqudgha.
 44903 | Crypt:2  | Identified the +0 pair of boots of Nobility {MR++} (You found it on level 2 of the Crypt)
 45129 | Crypt:3  | Entered Level 3 of the Crypt
 45146 | Crypt:3  | Gained mutation: You are strongly in touch with the powers of death. [Mummy growth]
 45146 | Crypt:3  | Reached XP level 26. HP: 202/205 MP: 50/50
 45220 | Crypt:3  | Noticed Sojobo
 45260 | Crypt:3  | Killed Sojobo
 45345 | Crypt:3  | Found an ancient bone altar of Kikubaaqudgha.
 45385 | Crypt:3  | Reached skill level 15 in Translocations
 46009 | Crypt:3  | Found a staircase to the Tomb.
 46009 | Crypt:3  | Noticed an ancient lich
 46025 | Crypt:3  | Killed an ancient lich
 46025 | Crypt:3  | Reached skill level 24 in Spellcasting
 46249 | Tomb:1   | Entered Level 1 of the Tomb of the Ancients
 47555 | Zot:1    | Entered Level 1 of the Realm of Zot
 48172 | Zot:1    | Received a gift from Okawaru
 48182 | Zot:1    | Identified the +2 great sword of Enu Tiux {slice, Str+5} (Okawaru gifted it to you on level 1 of the Realm of Zot)
 48670 | Zot:3    | Reached XP level 27. HP: 211/211 MP: 51/51
 49003 | Zot:3    | Reached skill level 25 in Spellcasting
 49183 | Zot:5    | Entered Level 5 of the Realm of Zot
 50425 | Tomb:1   | Noticed a greater mummy
 50437 | Tomb:1   | Killed a greater mummy
 50443 | Tomb:1   | Noticed a greater mummy
 50453 | Tomb:1   | Killed a greater mummy
 50476 | Tomb:1   | Noticed a greater mummy
 50491 | Tomb:1   | Killed a greater mummy
 50491 | Tomb:1   | Reached skill level 1 in Hexes
 50491 | Tomb:1   | Reached skill level 1 in Air Magic
 50639 | Tomb:1   | Received a gift from Okawaru
 50803 | Tomb:2   | Noticed an ancient lich
 50804 | Tomb:2   | Noticed a greater mummy
 50807 | Tomb:2   | Noticed an ancient lich
 50807 | Tomb:2   | Noticed a greater mummy
 51069 | Tomb:2   | Noticed Khufu
 51309 | Tomb:2   | Killed Khufu
 51352 | Tomb:3   | Entered Level 3 of the Tomb of the Ancients
 51603 | Tomb:3   | Noticed a greater mummy
 51603 | Tomb:3   | Noticed a greater mummy
 51604 | Tomb:3   | Noticed a greater mummy
 51885 | Tomb:3   | Noticed a greater mummy
 51886 | Tomb:3   | Noticed a greater mummy
 51896 | Tomb:3   | Killed a greater mummy
 51896 | Tomb:3   | Reached skill level 26 in Spellcasting
 52143 | Tomb:3   | Killed a greater mummy
 52259 | Tomb:3   | Killed a greater mummy
 52387 | Tomb:3   | Noticed a greater mummy
 52392 | Tomb:3   | Killed a greater mummy
 52393 | Tomb:3   | Noticed a greater mummy
 52481 | Tomb:3   | Killed a greater mummy
 52671 | Tomb:3   | Killed a greater mummy
 52970 | Tomb:3   | Killed a greater mummy
 53045 | Tomb:3   | Identified Sif Muna's Guide on Flamy Contamination
 53222 | Tomb:3   | Identified Doeb's Grimoire of the Floating Blaze
 53229 | Tomb:3   | Learned a level 4 spell: Control Undead
 53239 | Tomb:3   | Learned a level 6 spell: Death Channel
 53246 | Tomb:3   | Learned a level 6 spell: Simulacrum
 53272 | Tomb:3   | Identified the cursed +2 arbalest of the Wheel {venom, Int+4} (You found it on level 3 of the Tomb of the Ancients)
 53313 | Tomb:3   | Got a golden rune of Zot
 53356 | Tomb:3   | Noticed a greater mummy
 53658 | Crypt:1  | Reached skill level 27 in Spellcasting
 53937 | Zig:1    | Entered Level 1 of a ziggurat
 53956 | Zig:2    | Entered Level 2 of a ziggurat
 53976 | Zig:3    | Entered Level 3 of a ziggurat
 54023 | Zig:4    | Entered Level 4 of a ziggurat
 54113 | Zig:5    | Entered Level 5 of a ziggurat
 54143 | Zig:5    | Received a gift from Okawaru
 54177 | Zig:6    | Entered Level 6 of a ziggurat
 54203 | Zig:7    | Entered Level 7 of a ziggurat
 54331 | Zig:7    | Identified Sif Muna's Almanac of Burning Translocation
 54344 | Zig:7    | Learned a level 8 spell: Disjunction
 54347 | Zig:8    | Entered Level 8 of a ziggurat
 54441 | Zig:8    | Identified the Guide on Malediction
 54444 | Zig:8    | Identified the amulet of Ascent {RegenMP *Slow Str+5 Dex+3 Stlth+} (You found it on level 8 of a ziggurat)
 54496 | Zig:8    | Identified the +3 chain mail of Music {rElec rC- Dex+4} (You found it on level 8 of a ziggurat)
 54499 | Zig:9    | Entered Level 9 of a ziggurat
 54515 | Zig:9    | Noticed Vakui the pandemonium lord
 54523 | Zig:10   | Entered Level 10 of a ziggurat
 54545 | Zig:10   | Noticed a greater mummy
 54545 | Zig:10   | Noticed a greater mummy
 54640 | Hell     | Entered the Vestibule of Hell
 54640 | Hell     | Noticed Geryon
 54766 | Hell     | Killed Geryon
 54766 | Hell     | Received a gift from Okawaru
 54838 | Hell     | Noticed Murray
 54858 | Hell     | Killed Murray
 54933 | Depths:1 | You paid a toll of the horn of Geryon to enter a treasure trove
 54934 | Trove    | Entered a treasure trove
 54951 | Trove    | Got a crude triple sword
 54972 | Trove    | Identified the +9 triple sword "Liygg" {protect, rPois Int+2} (You found it in a treasure trove)
 54973 | Trove    | :)
 55098 | Pan      | Entered Pandemonium
 55157 | Pan      | Noticed Xof Zauj the pandemonium lord
 55167 | Pan      | Found an exit through the horrors of the Abyss.
 55333 | Pan      | Found an exit through the horrors of the Abyss.
 55363 | Pan      | Took an exit into the Abyss.
 55363 | Abyss:1  | Escaped into the Abyss
 55368 | Abyss:1  | Found a corrupted altar of Lugonu.
 55403 | Depths:3 | Escaped the Abyss
 55410 | Pan      | Entered the realm of Lom Lobon.
 55410 | Pan      | Entered Pandemonium
 55633 | Pan      | Got a transparent plate armour
 55644 | Pan      | Identified the +3 plate armour "Xakuis" {MR+ Str+2} (You found it in Pandemonium)
 55871 | Pan      | Noticed Lom Lobon
 55883 | Pan      | Got a magical rune of Zot
 56119 | Pan      | Noticed Huytoboz the pandemonium lord
 56222 | Pan      | HP: 1/211 [Lom Lobon/great icy blast (47)]
 56223 | Pan      | Noticed Lom Lobon
 56223 | Pan      | OMG
 56524 | Pan      | Reached skill level 1 in Charms
 56563 | Pan      | Found an exit through the horrors of the Abyss.
 56572 | Pan      | Took an exit into the Abyss.
 56572 | Abyss:1  | Escaped into the Abyss
 56622 | Depths:3 | Escaped the Abyss
 56832 | Pan      | Entered Pandemonium
 57216 | Pan      | Noticed Qokoz the pandemonium lord
 57386 | Pan      | Reached skill level 5 in Air Magic
 57562 | Pan      | Found an exit through the horrors of the Abyss.
 57602 | Pan      | Took an exit into the Abyss.
 57602 | Abyss:1  | Escaped into the Abyss
 57696 | Abyss:3  | Found a shattered altar of Ashenzari.
 57994 | Depths:3 | Escaped the Abyss
 58057 | Depths:4 | Bought the amulet "Kutuzir" {Faith Fragile rF+++ Int+5} for 1824 gold pieces
 58406 | Elf:1    | Bought a manual of Dodging for 2208 gold pieces
 58751 | Pan      | Entered Pandemonium
 58751 | Pan      | Noticed Laogis the pandemonium lord
 58814 | Pan      | Noticed Wikk the pandemonium lord
 59158 | Pan      | Entered the realm of Gloorx Vloq.
 59365 | Pan      | Noticed Gloorx Vloq
 59372 | Pan      | Got a dark rune of Zot
 59386 | Pan      | Found an exit through the horrors of the Abyss.
 59528 | Pan      | Noticed Qaasaerph the pandemonium lord
 59533 | Pan      | Found an exit through the horrors of the Abyss.
 59545 | Depths:3 | Escaped Pandemonium
 59547 | Pan      | Entered Pandemonium
 59774 | Pan      | Reached skill level 15 in Dodging
 59789 | Pan      | Entered the realm of Cerebov.
 59847 | Pan      | Learned a level 4 spell: Passage of Golubria
 59853 | Pan      | Learned a level 5 spell: Lee's Rapid Deconstruction
 59916 | Pan      | Reached skill level 1 in Earth Magic
 59976 | Pan      | Received a gift from Okawaru
 60155 | Pan      | Noticed Cerebov
 60161 | Pan      | Got a fiery rune of Zot
 60376 | Pan      | Noticed Rixicutu the pandemonium lord
 60385 | Pan      | Reached skill level 5 in Earth Magic
 60419 | Pan      | Entered the realm of Mnoleg.
 60419 | Pan      | Found an exit through the horrors of the Abyss.
 60944 | Pan      | Paralysed by a floating eye for 4 turns
 60953 | Pan      | Noticed Mnoleg
 60965 | Pan      | Got a glowing rune of Zot
 61035 | Pan      | Found an exit through the horrors of the Abyss.
 61085 | Pan      | Noticed Xypn the pandemonium lord
 61396 | Pan      | Found an exit through the horrors of the Abyss.
 61406 | Pan      | Noticed Joogaem the pandemonium lord
 61408 | Pan      | Got a demonic rune of Zot
 61413 | Pan      | Took an exit into the Abyss.
 61413 | Abyss:1  | Escaped into the Abyss
 61726 | Abyss:2  | Found a corrupted altar of Lugonu.
 61735 | Abyss:2  | Paralysed by accursed screaming for 1 turns
 61766 | Depths:3 | Escaped the Abyss
 61935 | Hell     | Reached skill level 10 in Earth Magic
 61948 | Hell     | Received a gift from Okawaru
 62152 | Hell     | Found a gateway to the freezing wastes of Cocytus.
 62161 | Coc:1    | Entered Level 1 of Cocytus
 63327 | Coc:7    | Entered Level 7 of Cocytus
 63568 | Coc:7    | Received a gift from Okawaru
 63572 | Coc:7    | Identified the +2 cloak of Ykkuraol {rF+ rC+ rN+} (Okawaru gifted it to you on level 7 of Cocytus)
 63685 | Coc:7    | Noticed the Serpent of Hell
 63714 | Coc:7    | Killed the Serpent of Hell
 64006 | Coc:7    | Got an icy rune of Zot
 64010 | Coc:7    | Reached skill level 1 in Necromancy
 64015 | Coc:7    | Noticed Antaeus
 64141 | Coc:7    | Received a gift from Okawaru
 64318 | Hell     | Found a gateway to the Iron City of Dis.
 64336 | Dis:1    | Entered Level 1 of the Iron City of Dis
 64380 | Dis:2    | Reached skill level 5 in Necromancy
 64793 | Dis:7    | Entered Level 7 of the Iron City of Dis
 64793 | Dis:7    | Noticed Kidiri's ghost (legendary MiFi)
 64814 | Zig:1    | Entered Level 1 of a ziggurat
 64832 | Zig:2    | Entered Level 2 of a ziggurat
 64879 | Zig:3    | Entered Level 3 of a ziggurat
 64907 | Zig:4    | Entered Level 4 of a ziggurat
 64938 | Zig:5    | Entered Level 5 of a ziggurat
 65057 | Zig:6    | Entered Level 6 of a ziggurat
 65080 | Zig:6    | Reached skill level 5 in Evocations
 65114 | Zig:7    | Entered Level 7 of a ziggurat
 65159 | Zig:7    | Paralysed by a floating eye for 4 turns
 65194 | Zig:7    | Identified the ring of Leommaud {+Fly rPois rC- rN+ Slay-2} (You found it on level 7 of a ziggurat)
 65207 | Zig:8    | Entered Level 8 of a ziggurat
 65274 | Zig:8    | Identified Zilatat's Tome of Glacial Lightness
 65281 | Zig:9    | Entered Level 9 of a ziggurat
 65351 | Zig:10   | Entered Level 10 of a ziggurat
 65486 | Zig:10   | Noticed Gouwniuh the pandemonium lord
 65490 | Zig:10   | Noticed Soerr the pandemonium lord
 65648 | Dis:7    | Reached skill level 10 in Necromancy
 65943 | Dis:7    | Received a gift from Okawaru
 66040 | Dis:7    | Noticed Dispater
 66043 | Dis:7    | Got an iron rune of Zot
 66250 | Hell     | Found a gateway to the ashen valley of Gehenna.
 66269 | Geh:1    | Entered Level 1 of Gehenna
 66752 | Geh:7    | Entered Level 7 of Gehenna
 66966 | Geh:7    | Received a gift from Okawaru
 66971 | Geh:7    | Identified the +5 great sword "Azidash" {slice, Fragile rF+ Str+4} (Okawaru gifted it to you on level 7 of Gehenna)
 67047 | Geh:7    | Reached skill level 15 in Necromancy
 67321 | Geh:7    | Received a gift from Okawaru
 67465 | Geh:7    | Noticed Asmodeus
 67472 | Geh:7    | Got an obsidian rune of Zot
 67673 | Hell     | Found a gateway to the decaying netherworld of Tartarus.
 67685 | Tar:1    | Entered Level 1 of Tartarus
 68041 | Tar:1    | You fall through a shaft!
 68515 | Tar:4    | You fall through a shaft!
 68851 | Tar:7    | Entered Level 7 of Tartarus
 69133 | Tar:7    | Reached skill level 10 in Evocations
 69397 | Tar:7    | Noticed Ereshkigal
 69401 | Tar:7    | Got a bone rune of Zot
 69560 | Depths:5 | Voluntarily entered the Abyss.
 69607 | Abyss:2  | Found a corrupted altar of Lugonu.
 69615 | Abyss:2  | Found a shattered altar of Ashenzari.
 69788 | Abyss:4  | Paralysed by you for 2 turns
 70513 | Abyss:4  | Found a corrupted altar of Lugonu.
 70544 | Abyss:4  | Paralysed by accursed screaming for 1 turns
 70558 | Abyss:4  | Paralysed by accursed screaming for 2 turns
 70566 | Abyss:4  | Paralysed by accursed screaming for 1 turns
 71025 | Abyss:4  | Found a corrupted altar of Lugonu.
 71114 | Abyss:4  | Received a gift from Okawaru
 71293 | Abyss:5  | Entered Level 5 of the Abyss
 71326 | Abyss:5  | Got an abyssal rune of Zot
 71366 | Depths:5 | Escaped the Abyss
 71641 | Zot:5    | HP: 7/217 [yellow draconian monk (6)]
 71642 | Zot:5    | Slain by a yellow draconian monk

Vault maps used:
D:1:      dpeg_arrival_arbitrary_b, wad_floor_pattern_2
D:2:      vehumet_crystals, gammafunk_temple_overflow_arena,
          minmay_strange_pillars
D:3:      first_bread, dk_noncrumbling_3, uniq_crazy_yiuf_cottage
D:4:      gammafunk_temple_overflow_elements, kennysheep_little_box,
          minmay_temple_entry_junction, uniq_sigmund
D:6:      corexii_corridor_pit
D:7:      makhleb_grotto_becter, the_bakery
D:8:      serial_shops, nicolae_shop_statue_plus, nicolae_shop_waterfront, shop,
          kennysheep_mini, nicolae_shop_crystal
D:9:      minmay_orc_entry_temple_small
D:10:     hangedman_cross_stitches, uniq_fannar
D:11:     lair_entry_dummy, serial_shops, shop_fountains, lightli_airlock,
          uniq_erica
D:13:     minmay_misc_feat_plants, nrook_loot_triangle
D:14:     grunt_vaults_entry_tiered, corexii_corridor_pit, uniq_roxanne
D:15:     gammafunk_enter_depths_forms, basic_altar
Temple:   eino_temple_scatter_basement
Lair:1:   minmay_lair_oklob_items
Lair:2:   minmay_lair_oklob_tunnel, swamp_mist_pool,
          portal_ice_cave_demonic_guard
Lair:3:   dummy_snake_entry, lemuel_fruit_fields, serial_bayou_shore_b,
          minmay_lair_oklob_chamber
Lair:4:   statuecave_lemuel
Lair:5:   minmay_slime_entry_eyes, infiniplex_staircase_pool, lemuel_fruit_tree
Lair:6:   cheibrodos_lair_end_hotspot
Swamp:1:  evilmike_swamp_ruin_rubble_1
Swamp:2:  evilmike_swamp_ruin_house_5, swamp_pool1, nicolae_swamp_godswood,
          hangedman_swamp_wriggling
Swamp:3:  serial_swamp_ruin, hangedman_swamp_ruin_wall,
          evilmike_swamp_ruin_house_1, infiniplex_staircase_pool_2, uniq_louise,
          uniq_aizul
Swamp:4:  swamp, swamp_pool5
Snake:1:  serial_bayou_lagoon_a, nicolae_snake_salamander_stairs
Snake:2:  uniq_kirke
Snake:3:  minmay_shoptagon
Snake:4:  snake_pit_salamanders_mu, serial_shops, shop, serial_bayou_shore_a,
          basic_stair_grate_trap
Slime:3:  cheibrodos_slime_lost_civilization_4
Orc:1:    statue_in_the_mist_lemuel, nicolae_orc_damp_corner
Orc:2:    grunt_orc_gardens, grunt_orc_garden, grunt_orc_garden,
          grunt_orc_garden, grunt_orc_garden, uniq_nessos
Elf:1:    eino_elf_arrival_customs, serial_shops, bzr_entry_gold, shop,
          nicolae_shop_behind_doors, orc_legates
Elf:2:    serial_shops, shop, portal_desolation_entry_salt, hex_tiny
Elf:3:    nooodl_elf_gasket, serial_sigils, serial_sigils_hangedman_confine,
          serial_sigils_hangedman_scar, serial_sigils_hangedman_snap,
          serial_sigils_hangedman_leer, serial_shops, nicolae_shop_crystal
Vaults:1: nicolae_vaults_little_squares_5, v_alt_pattern_6,
          ontoclasm_vaults_shuriken, st_diamondy, nicolae_vaults_theta,
          v_misc_18, v_misc_11, v_pattern_1, hangedman_vaults_pinch,
          hangedman_vaults_restitches, ontoclasm_vaults_decontamination,
          v_misc_22, nicolae_vaults_little_ls
Vaults:2: nicolae_vaults_yaktaur_gun_rack, vaults_standard_mumra_x,
          vaults_standard_mumra_enter_the_diamond, vaults_room_grid,
          vaults_room_fours, vaults_dpeg_encased_lava, uniq_donald
Vaults:3: grunt_vaults_trifunnel, nicolae_vaults_holding_cells,
          nicolae_vaults_alarming, minmay_crypt_entry_simple_box,
          nicolae_vaults_ninety_degrees, ontoclasm_vaults_misaligned,
          ontoclasm_vaults_loading_screen, v_misc_22,
          nicolae_vaults_twisting_passages, nicolae_vaults_border_crossing,
          nicolae_vaults_ring_of_whatevers,
          vaults_standard_mumra_enter_the_diamond, vaults_dpeg_hooks,
          serial_shops, nicolae_shop_waterfront
Vaults:4: vaults_mumra_bighexcomb, hangedman_vaults_trim,
          hangedman_vaults_restitches, nicolae_vaults_triangles, v_misc_5,
          hangedman_vaults_stretched_pinwheel, vaults_dpeg_diagonal, v_misc_14
Vaults:5: uniq_xtahua, uniq_mennas, uniq_boris
Crypt:1:  feat_on_display, grunt_crypt_arrival_webbed
Crypt:2:  hangedman_crypt_dual_shrines, grunt_megastairs_3
Crypt:3:  grunt_crypt_end_deaths_head, uniq_sojobo
Tomb:2:   uniq_khufu
Depths:1: hangedman_coc_ice_floe, enter_trove_0,
          hangedman_decor_clover_reticule, st_stairs_5, eino_tiny_chamber,
          minmay_misc_feat_iff, minmay_misc_feat_roman, minmay_statues_item,
          kennysheep_small_square, minmay_shop_star
Depths:2: minmay_the_grid_octo_tiled_squarecenter_mashed, enter_ziggurat_e,
          serial_shops, kennysheep_mini_moat, grunt_pan_entry_sceptre,
          hell_entry, uniq_bai_suzhen
Depths:3: minmay_expanding_circles, rand_demon_pan_entry_7,
          minmay_misc_feat_secret_circle, hell_entry, serial_bayou_shore_b,
          infiniplex_staircase_zigzag_4, uniq_mara, uniq_nikola
Depths:4: hangedman_spin_cycle, hell_entry, abyss_entry, uniq_jorgrun
Depths:5: evilmike_zot_entry_basic, abyss_entry_flame_altar, hell_entry,
          grunt_decor_arrowhead, nicolae_rare_books
Dis:1:    evilmike_ambush
Dis:4:    hangedman_dis_chains
Dis:6:    lemuel_mystery_crypt
Dis:7:    iron_city_of_dis
Geh:4:    lemuel_old_faithful
Geh:7:    geh_mu
Coc:6:    hangedman_feature_mirror
Coc:7:    coc_old
Tar:4:    nicolae_tar_cuneiform_to_be, nicolae_tar_cuneiform_bird
Tar:5:    nicolae_tar_cuneiform_oil
Tar:7:    tar_minmay_river
Zot:1:    minmay_elemental_castle
Zot:2:    kennysheep_spiral_hall, st_stairs_1
Zot:5:    grunt_ministairs_1
Abyss:1:  evilmike_abyss_exit_mutagenic
Abyss:2:  lemuel_flamethrower_3, minivault_24
Abyss:3:  evilmike_abyss_rune_ettins, gammafunk_abyss_rune_reverse_zot
Abyss:4:  evilmike_abyss_exit_12, evilmike_abyss_rune_tso_outpost,
          evilmike_abyss_exit_10
Abyss:5:  abyss_exit_lava, due_evilmike_abyss_rune_seething_liches,
          bh_abyss_exit_grid
Pan:      evilmike_mini_pan_thingy, pan_blood_fountain_small,
          nicolae_pan_hourglass, nicolae_pan_gloorx_vloqian_1,
          lom_lobon_spiral_st, pan_blood_fountain_small,
          nicolae_pan_mnolegish_2, rand_demon_1, nicolae_pan_giant_door,
          uniq_lom_lobon, nicolae_pan_lom_lobonic_1, evilmike_holy_pan,
          nicolae_pan_diamonds, pan_blood_fountain_small,
          nicolae_pan_giant_door, pan_blood_fountain, reaverb_pan_figure_eight,
          evilmike_mini_pan_T, evilmike_mini_pan_possible_glass,
          pan_blood_fountain_small, evilmike_mini_pan_layers,
          nicolae_pan_gloorx_vloqian_2, rand_demon_6, nicolae_pan_lom_lobonic_3,
          lemuel_hellion_island, pan_blood_fountain_small, gloorx_vloq,
          pan_blood_fountain_small, rand_demon_8, nicolae_pan_sigil_obb,
          grunt_pan_zigzag, rand_demon_7, pan_blood_fountain, uniq_gloorx_vloq,
          evilmike_mini_pan_3x3, pan_blood_fountain, nicolae_pan_door_chamber,
          pan_blood_fountain_small, grunt_pan_zigzag, cerebov_grunt,
          nicolae_pan_hourglass, pan_blood_fountain_small, evilmike_mnoleg_eyes,
          evilmike_mini_pan_diamond, uniq_mnoleg, evilmike_mini_pan_diamond,
          nicolae_pan_sigil_obb, rand_demon_5, pan_blood_fountain_2,
          evilmike_mini_pan_branches, uniq_cerebov, rand_demon_5, uniq_cerebov,
          pan_blood_fountain_small
Zig:7:    ziggurat_pillar_centre_dead_trees
Zig:10:   ziggurat_pillar_centre_oklobs
Bazaar:   bazaar_lake
Trove:    trove_weapons_four_rooms
IceCv:    ice_cave_statue_garden_teleport

Skill      XL: |  1  2  3  4  5  6  7  8  9 10 11 12 13 14 15 16 17 18 19 20 21 22 23 24 25 26 27 |
---------------+----------------------------------------------------------------------------------+-----
Evocations     | 3 4 14 | 14.8
Armour         | 1 2 3 4 5 6 7 8 9 10 11 12 13 14 15 16 | 16.0
Dodging        | 2 3 4 5 6 7 8 9 10 11 17 | 17.0
Invocations    | 1 2 3 4 5 6 8 9 10 11 13 | 13.0
Fighting       | 2 3 4 6 7 8 10 12 14 15 16 18 | 18.1
Long Blades    | 3 5 7 9 10 11 13 15 17 19 20 | 20.0
Spellcasting   | 4 10 13 15 16 20 22 23 24 27 | 27.0
Translocations | 4 11 14 17 21 | 21.0
Hexes          | 4 |  4.0
Air Magic      | 6 |  6.2
Charms         | 4 |  4.3
Earth Magic    | 11 | 11.1
Necromancy     | 17 | 17.0
Short Blades   | |  0.7
Stealth        | |  0.7

Action                   |  1- 3 |  4- 6 |  7- 9 | 10-12 | 13-15 | 16-18 | 19-21 | 22-24 | 25-27 || total
-------------------------+-------+-------+-------+-------+-------+-------+-------+-------+-------++-------
Melee: Short sword       |   119 |       |       |       |       |       |       |       |       ||   119
       Dagger            |     5 |    95 |       |       |       |       |       |       |       ||   100
       Quarterstaff      |       |    46 |   133 |       |       |       |       |       |       ||   179
       Long sword        |       |       |   240 |   488 |       |       |       |       |       ||   728
       Punch             |       |       |     1 |    17 |    15 |       |       |       |       ||    33
       Scimitar          |       |       |       |   324 |  1127 |     4 |    93 |       |       ||  1548
       Triple sword      |       |       |       |       |   304 |  1332 |  1900 |  2107 |  7163 || 12806
       Staff             |       |       |       |       |       |       |       |       |    22 ||    22
       Great sword       |       |       |       |       |       |       |       |       |   522 ||   522
Throw: Throwing net      |       |       |       |       |       |       |       |       |     1 ||     1
 Cast: Controlled Blink  |       |       |       |       |       |       |       |       |    93 ||    93
       Control Undead    |       |       |       |       |       |       |       |       |    57 ||    57
       Apportation       |       |       |       |       |       |       |       |       |    14 ||    14
       Death Channel     |       |       |       |       |       |       |       |       |    14 ||    14
       Passwall          |       |       |       |       |       |       |       |       |    13 ||    13
       Lee's Rapid Decon |       |       |       |       |       |       |       |       |     9 ||     9
       Deflect Missiles  |       |       |       |       |       |       |       |       |     2 ||     2
       Passage of Golubr |       |       |       |       |       |       |       |       |     2 ||     2
       Spectral Weapon   |       |       |       |       |       |       |       |       |     2 ||     2
       Song of Slaying   |       |       |       |       |       |       |       |       |     1 ||     1
Invok: Heroism           |       |       |     5 |    40 |    65 |    64 |    53 |    53 |   255 ||   535
       Finesse           |       |       |       |    12 |     9 |     9 |    18 |    15 |    64 ||   127
Evoke: Wand              |    12 |    18 |     4 |     5 |     5 |     6 |       |       |    25 ||    75
       Box of beasts     |       |       |       |       |     4 |       |     2 |       |     3 ||     9
       Phantom mirror    |       |       |       |       |       |       |       |       |     1 ||     1
       Sack of spiders   |       |       |       |       |       |       |       |       |     3 ||     3
       Fan of gales      |       |       |       |       |       |       |       |       |     2 ||     2
       Figurine of a zig |       |       |       |       |       |       |       |       |     1 ||     1
  Use: Scroll            |       |       |     4 |    16 |    26 |    19 |    15 |     5 |    76 ||   161
 Stab: Paralysed         |       |     1 |     4 |       |     5 |       |       |       |     2 ||    12
       Confused          |       |       |     4 |       |       |       |       |       |       ||     4
       Sleeping          |       |       |       |     6 |     4 |       |       |       |       ||    10
       Petrified         |       |       |       |       |     3 |       |       |       |       ||     3
       Distracted        |       |       |       |       |     1 |       |       |     2 |    23 ||    26
       Invisible         |       |       |       |       |       |       |       |       |     1 ||     1
Armor: Leather armour    |    23 |     4 |       |       |       |       |       |       |       ||    27
       Scale mail        |       |    82 |   120 |       |       |       |       |       |       ||   202
       Troll leather arm |       |       |    21 |   113 |    67 |       |       |       |       ||   201
       Ring mail         |       |       |     5 |       |       |       |       |       |       ||     5
       Crystal plate arm |       |       |       |   340 |   787 |  1090 |  1863 |  1684 |   334 ||  6098
       Plate armour      |       |       |       |       |       |       |       |       |  5552 ||  5552
Dodge: Dodged            |    70 |    80 |   200 |   496 |   603 |   417 |   752 |  1052 |  5809 ||  9479
       Deflected         |       |       |       |       |       |       |       |       |    19 ||    19
       Rpst.: Long sword |       |       |    51 |   106 |       |       |       |       |       ||   157
       Scimitar          |       |       |       |    37 |   129 |       |     9 |       |       ||   175
       Triple sword      |       |       |       |       |    22 |    88 |   170 |   218 |  1115 ||  1613
       Great sword       |       |       |       |       |       |       |       |       |    87 ||    87
